Map: Ascension to Aiur LE

Players

IllIIIllIIIl - Winner!

  • Race: Protoss Protoss
  • Spawn Location: 11:00

A.I. 1 (Elite)

  • Race: Protoss Protoss
  • Spawn Location: 5:00

VOD

Have the link to the VOD?

Description

PvP adepts chargelots

Time

  • Played on: Dec. 21, 2017, 9:01 a.m.
  • Length: 10:31
Show
View Real Time Build Order
Export as new Build Order

IllIIIllIIIl Protoss - Winner!

Build Orders: Zealot Archon 

Get SALT Encoding   

  12  0:01  Probe  
  13  0:14  Probe  
  14  0:19  Pylon  
  14  0:26  Probe (Chrono Boost)  
  15  0:39  Gateway  
  16  0:42  Probe (Chrono Boost)  
  16  0:44  Assimilator  
  16  0:46  Probe (Chrono Boost)  
  17  0:52  Assimilator  
  17  0:56  Probe  
  18  1:07  Gateway  
  18  1:15  Probe (Chrono Boost)  
  19  1:22  Probe (Chrono Boost)  
  20  1:26  Cybernetics Core, Probe  
  21  1:38  Probe  
  21  1:39  Pylon  
  22  1:50  Probe  
  23  2:03  Adept x2  
  23  2:04  Warp Gate (Chrono Boost)  
  27  2:30  Stalker x2  
  31  2:49  Nexus  
  31  2:50  Pylon  
  31  3:08  Probe  
  32  3:20  Probe  
  32  3:22  Robotics Facility  
  33  3:32  Probe  
  30  3:40  Twilight Council  
  30  3:44  Probe  
  31  3:56  Probe  
  31  4:02  Probe, Sentry x2  
  35  4:08  Probe  
  38  4:13  Immortal (Chrono Boost)  
  38  4:14  Probe  
  43  4:20  Probe  
  44  4:26  Probe, Stalker  
  44  4:27  Stalker  
  49  4:33  Probe  
  49  4:38  Pylon  
  51  4:39  Probe  
  51  4:40  Observer (Chrono Boost)  
  51  4:45  Probe  
  53  4:52  Probe  
  54  4:54  Pylon  
  54  4:56  Immortal (Chrono Boost)  
  54  4:58  Assimilator  
  54  4:59  Assimilator, Probe  
  59  5:04  Probe  
  60  5:12  Forge  
  60  5:13  Charge  
  60  5:15  Probe  
  60  5:16  Probe  
  60  5:20  Pylon  
  62  5:25  Immortal (Chrono Boost)  
  66  5:29  Probe  
  66  5:30  Probe  
  68  5:42  Probe  
  69  5:43  Pylon  
  69  5:46  Protoss Ground Weapons Level 1 (Chrono Boost)  
  69  5:51  Templar Archives  
  69  6:06  Gateway  
  69  6:08  Observer, Gateway  
  69  6:09  Gateway  
  69  6:10  Gateway  
  69  6:12  Gateway  
  69  6:15  Gateway  
  69  6:34  Nexus  
  69  6:36  Pylon  
  69  6:39  Probe x2  
  71  6:40  Pylon  
  71  6:46  Warp Prism  
  71  6:51  Probe x2  
  75  7:15  Observer  
  75  7:16  High Templar x3  
  75  7:17  High Templar  
  75  7:19  Zealot x2, Protoss Ground Weapons Level 2 (Chrono Boost)  
  75  7:20  Zealot x2  
  75  7:22  Archon x2  
  91  7:33  Pylon x2  
  91  7:35  Pylon  
  91  7:38  Probe x2  
  93  7:49  Probe  
  93  7:50  Probe x2  
  96  7:52  High Templar x2  
  96  7:53  High Templar  
  96  7:55  High Templar  
  96  7:56  Zealot x4  
  112  7:59  Archon x2  
  112  8:01  Probe  
  112  8:02  Probe  
  112  8:05  Assimilator, Probe  
  115  8:08  Assimilator  
  115  8:13  Probe  
  115  8:14  Probe  
  117  8:23  Zealot x2  
  117  8:24  Zealot x4  
  117  8:26  Zealot  
  131  8:28  Zealot  
  133  8:43  Pylon  
  133  8:44  Pylon  
  133  8:55  High Templar x4  
  141  8:59  Archon x2  
  141  9:01  Zealot  
  141  9:02  Zealot x3  
  149  9:08  Probe x3  
  152  9:17  Nexus  
  152  9:18  Pylon  
  152  9:21  Pylon  
  150  9:26  Zealot x3  
  150  9:27  Zealot x3  
  146  9:34  High Templar x2  
  150  9:39  Archon  
  148  9:47  Zealot x5  
  148  9:48  Zealot  
  158  10:08  Zealot x2  
  158  10:09  Zealot x5  
  158  10:13  Zealot  
Show
View Real Time Build Order
Export as new Build Order

A.I. 1 (Elite) Protoss 

Build Orders:  

Get SALT Encoding   

  12  0:00  Probe  
  13  0:13  Probe  
  14  0:20  Pylon  
  14  0:25  Probe  
  15  0:38  Probe  
  16  0:47  Assimilator  
  16  0:50  Probe, Gateway  
  17  1:01  Pylon  
  17  1:02  Probe  
  18  1:14  Probe  
  19  1:26  Probe  
  20  1:37  Zealot  
  20  1:39  Probe  
  23  1:40  Cybernetics Core  
  23  1:51  Probe  
  24  2:03  Probe  
  24  2:05  Nexus  
  25  2:15  Probe  
  26  2:18  Warp Gate  
  26  2:23  Stalker  
  26  2:27  Probe  
  29  2:34  Pylon  
  28  2:39  Probe  
  29  2:50  Gateway  
  29  2:51  Probe  
  29  2:55  Assimilator  
  30  3:01  Adept  
  30  3:03  Probe  
  33  3:11  Pylon  
  29  3:15  Probe  
  22  3:28  Probe, Zealot  
  22  3:33  Probe  
  24  3:40  Probe  
  25  3:45  Probe  
  26  3:52  Probe  
  27  3:57  Probe  
  28  4:04  Probe  
  28  4:09  Probe  
  30  4:16  Probe  
  31  4:21  Probe  
  31  4:22  Adept  
  34  4:28  Probe  
  35  4:33  Probe  
  36  4:40  Probe  
  36  4:41  Robotics Facility  
  36  4:45  Adept  
  39  4:46  Probe  
  40  4:52  Probe  
  40  4:56  Adept  
  40  4:58  Probe  
  44  5:05  Probe  
  45  5:10  Probe  
  46  5:16  Adept  
  46  5:17  Probe  
  49  5:22  Probe  
  49  5:24  Adept  
  52  5:29  Probe  
  52  5:34  Probe  
  52  5:35  Robotics Bay  
  54  5:39  Pylon  
  54  5:41  Probe, Observer  
  56  5:46  Probe  
  56  5:48  Twilight Council  
  57  5:53  Probe  
  58  5:58  Probe  
  59  6:12  Pylon  
  59  6:16  Assimilator  
  59  6:18  Assimilator  
  59  6:28  Gateway  
  59  6:30  Probe x2, Zealot  
  63  6:34  Templar Archives  
  63  6:42  Probe  
  63  6:43  Probe  
  63  6:46  Pylon  
  65  6:54  Probe  
  65  6:55  Probe  
  65  6:56  Stalker  
  65  7:01  Stalker  
  71  7:04  Forge  
  71  7:06  Probe  
  71  7:07  Pylon, Nexus  
  72  7:10  Probe  
  73  7:18  Probe  
  73  7:19  Sentry  
  73  7:22  Stalker  
  78  7:24  Forge, High Templar  
  78  7:27  Pylon  
  80  7:39  Pylon, Protoss Ground Weapons Level 1  
  80  7:42  Sentry  
  82  7:45  Zealot  
  82  7:50  Gateway  
  84  7:56  High Templar  
  84  7:57  Immortal, Protoss Ground Armor Level 1  
  90  8:05  Zealot, Stalker  
  92  8:09  Archon  
  92  8:10  Photon Cannon  
  92  8:12  Pylon  
  94  8:14  Pylon  
  94  8:20  Probe x3  
  94  8:26  High Templar  
  99  8:29  High Templar  
  99  8:30  Stalker  
  99  8:32  Assimilator, Probe  
  99  8:33  Probe x2, Pylon  
  106  8:34  Assimilator  
  106  8:44  Probe  
  106  8:45  Probe x2, Stalker  
  111  8:53  High Templar, Archon  
  113  8:56  Probe  
  113  8:57  Probe  
  113  8:58  Probe, Stalker  
  113  9:01  Stalker  
  120  9:08  Probe  
  120  9:09  Probe, High Templar  
  124  9:10  Probe  
  125  9:19  Immortal  
  125  9:20  Probe  
  125  9:21  Stalker  
  125  9:22  Probe  
  125  9:23  Probe  
  132  9:24  Pylon, Zealot  
  132  9:25  Zealot  
  88  9:32  Probe  
  79  9:42  High Templar  
  79  9:43  Probe  
  79  9:44  Stalker  
  79  9:45  Zealot  
  67  9:46  Zealot  
  49  10:05  Zealot  
  49  10:06  Zealot  
  47  10:07  High Templar  
  41  10:14  High Templar  
  41  10:16  Pylon  
Tags
 
Composition
Zealot Archon
Matchup
PvP
Spawn Locations
Cross Positions
Add a new tag
Caveats
  • Supply blocks, unpowered buildings, or Contaminate may cause inaccurate times.
  • Supply counts are checked every 10 seconds.